 Dungeon Crawl Stone Soup version 0.24.0-13-gcf9b319 (webtiles) character file.

Game seed: 11941702978340029396, levelgen mode: deterministic

15736 Bronimir the Spear-Bearer (level 12, -3/91 HPs)
             Began as a Demonspawn Gladiator on Apr 2, 2020.
             Was a Priest of Qazlal.
             Slain by Sonja
             ... wielding a +0 dagger of distortion
              (21 damage)
             ... on level 2 of the Lair of Beasts.
             The game lasted 00:35:05 (13107 turns).

Bronimir the Spear-Bearer (Demonspawn Gladiator)   Turns: 13107, Time: 00:35:05

Health: -3/91      AC: 17    Str: 21    XL:     12   Next: 3%
Magic:  14/19      EV:  9    Int:  9    God:    Qazlal [***...]
Gold:   592        SH:  4    Dex: 14    Spells: 4/20 levels left

rFire    . . .     SeeInvis +   w - +2 hand axe (flame)
rCold    . . .     Gourm    .   (no shield)
rNeg     . . .     Faith    .   H - +1 plate armour "Coem" {MR+ Regen+ SInv}
rPois    .         Spirit   .   (helmet restricted)
rElec    .         Reflect  .   (no cloak)
rCorr    .         Harm     .   (no gloves)
MR       ++...                  e - +0 pair of boots
Stlth    ..........             l - amulet of rage
HPRegen  0.65/turn              J - ring of protection from magic
MPRegen  0.16/turn              z - ring of attention

@: lethally poisoned (-3 -> -6), about to teleport, slowed, very slow
A: antennae 1, yellow scales 1, foul stench 1, spiny 2, rot immunity
a: Upheaval, Elemental Force, Renounce Religion, Evoke Berserk Rage


You were on level 2 of the Lair of Beasts.
You worshipped Qazlal.
Qazlal was most pleased with you.
You were not hungry.

You visited 3 branches of the dungeon, and saw 13 of its levels.

You collected 641 gold pieces.
You spent 49 gold pieces at shops.

Inventory:

Hand Weapons
 a - the +3 halberd of the Wasp {chop, rC- MP+9 Str+2}
   (You found it on level 5 of the Dungeon)

   It inflicts extra damage upon your enemies.
   It affects your strength (+2).
   It makes you vulnerable to cold.
   It affects your magic capacity (+9).
 b - a +0 hand crossbow
 w - a +2 hand axe of flaming (weapon)
 D - a +0 shortbow
 I - a +0 vampiric long sword
 K - a +0 arbalest
 S - a +3 scimitar of flaming
 U - a +4 battleaxe
Missiles
 d - 2 throwing nets
 g - 311 stones
 h - 75 bolts
 m - 15 poisoned darts (quivered)
 n - 114 sling bullets
 p - 247 arrows
 v - 3 silver boomerangs
Armour
 c - a +0 helmet
 e - a +0 pair of boots (worn)
 r - a +0 shield
 C - the +1 gold dragon scales of the Flute {rPois rF+ rC+ SInv}
   (You found it on level 1 of the Lair of Beasts)

   It protects you from fire.
   It protects you from cold.
   It protects you from poison.
   It lets you see invisible.
 H - the +1 plate armour "Coem" (worn) {MR+ Regen+ SInv}
   (You found it on level 8 of the Dungeon)

   It affects your resistance to hostile enchantments.
   It lets you see invisible.
   It increases your rate of regeneration.
 V - a +2 ring mail of fire resistance
Magical Staves
 O - an uncursed staff of wizardry
Jewellery
 l - an amulet of rage (around neck)
 z - a ring of attention (right hand)
 B - an uncursed ring of poison resistance {unknown}
 F - an uncursed amulet of harm
 J - a ring of protection from magic (left hand)
 R - an uncursed ring of stealth
Wands
 y - a wand of flame (3)
 E - a wand of clouds (4)
 Q - a wand of paralysis (14)
Scrolls
 i - a scroll of remove curse
 j - 2 scrolls of silence
 q - 3 scrolls of magic mapping
 t - 14 scrolls of identify
 u - 2 scrolls of teleportation
Potions
 k - 3 potions of brilliance
 o - 2 potions of flight
 s - 2 potions of resistance
 x - a potion of lignification {unknown}
 A - a potion of curing
 G - a potion of agility
Comestibles
 f - 22 rations
 L - 2 chunks of flesh


   Skills:
 * Level 7.1 Fighting
 + Level 0.2 Long Blades
 + Level 1.6(7.4) Axes
 + Level 11.2(11.3) Polearms
 + Level 0.3 Crossbows
 + Level 2.2 Throwing
 * Level 7.3 Armour
 + Level 4.8 Dodging
 * Level 1.3 Shields
 * Level 4.7 Spellcasting
 + Level 2.4 Conjurations
 + Level 2.9 Hexes
 + Level 0.1 Transmutations
 + Level 3.3 Fire Magic
 * Level 5.0 Invocations
 * Level 5.0 Evocations


You had 4 spell levels left.
You knew the following spells:

 Your Spells              Type           Power        Failure   Level  Hunger
a - Confusing Touch       Hex            #.....       80%         1    #......
b - Petrify               Tmut/Erth      #.......     100%        4    #####..
c - Flame Tongue          Conj/Fire      #....        80%         1    #......
d - Mephitic Cloud        Conj/Pois/Air  #.......     100%        3    ###....
e - Cause Fear            Hex            #.........   100%        4    #####..
f - Conjure Flame         Conj/Fire      #.......     99%         3    ###....

Your spell library contained the following spells:

 Spells                   Type           Power        Failure   Level  Hunger
 Throw Flame              Conj/Fire      #.....       91%         2    ##.....
 Sting                    Conj/Pois      #...         95%         1    #......
 Inner Flame              Hex/Fire       #.......     98%         3    ###....
 Confuse                  Hex            #.......     99%         3    ###....
 Poisonous Vapours        Pois/Air       #.....       100%        2    ##.....
 Gell's Gravitas          Tloc           #.........   100%        3    ###....
 Olgreb's Toxic Radiance  Pois           #.......     100%        4    #####..
 Sticky Flame             Conj/Fire      #.......     100%        4    #####..
 Fireball                 Conj/Fire      #.........   100%        5    ######.
 Metabolic Englaciation   Hex/Ice        #.........   100%        5    ######.
 Silence                  Hex/Air        #.........   100%        5    ######.
 Venom Bolt               Conj/Pois      #.........   100%        5    ######.
 Yara's Violent Unravell  Hex/Tmut       #.........   100%        5    ######.
 Deflect Missiles         Chrm/Air       #.........   100%        6    #######
 Discord                  Hex            #.........   100%        8    #######


Dungeon Overview and Level Annotations

Branches:
Dungeon (10/15)            Temple (1/1) D:5            Lair (2/6) D:8
 Spider (0/4) Lair:2          Orc (0/2) D:9
  Swamp: Lair:2-4    Shoals: Lair:2-4

Altars:
Ashenzari
Cheibriados
Elyvilon
Fedhas
Gozag
Hepliaklqana
Kikubaaqudgha
Makhleb
Nemelex Xobeh
Okawaru
Qazlal
Ru
Sif Muna
Trog
Uskayaw
Vehumet
Wu Jian
Xom
Yredelemnul
Zin
The Shining One
Lugonu

Shops:
D:5 (

Annotations:
D:9 2 transporters, Bronimir's ghost, journeyman TeFE
Lair:2 Sonja


Innate Abilities, Weirdness & Mutations

You have a pair of small antennae on your head.
You are partially covered in yellow scales. (AC +2)
You may emit foul miasma when damaged in melee.
You are mostly covered in sharp spines.
You are immune to rotting.


Message History

You feel strangely unstable.
You feel sick. The five-headed hydra bites you.
The five-headed hydra bites you but does no damage.
You block the five-headed hydra's attack.
The five-headed hydra barely misses you.
The five-headed hydra bites you but does no damage.
The five-headed hydra looks sick.
Sonja is struck by your spines. Sonja barely misses you.
Sonja hits you but does no damage. Space bends around you.
Sonja hits you but does no damage. Space warps horribly around you!
The five-headed hydra is struck by your spines.
The five-headed hydra bites you but does no damage.
The five-headed hydra barely misses you.
The five-headed hydra bites you!
* * * LOW HITPOINT WARNING * * *
You emit a cloud of foul miasma!
The five-headed hydra bites you.
* * * LOW HITPOINT WARNING * * *
The five-headed hydra bites you but does no damage.
Sonja is struck by your spines. Sonja hits you but does no damage.
Space warps horribly around you!!
You die...

#.#.....^>^..^...##.........+
#...^...^^^#.....####.######
###....^^^##....## ##.P#
#....#^##^..^.# #..##
###....###^.....# ##.##
#....^†###...^..# #..##
##P.....#.......## #P..#
#P..##.......K...# ##..#
##..........○@.######...#
#.P.........D☼.....#...#####P
#####........#P#.#..........^
#....^..(########...P###P
#........# ##.### #........#
#..# #####.(#.# #÷##
##.##.### #+÷# #.....#
#.........#


You could see a five-headed hydra and Sonja.

Vanquished Creatures
  Erica (D:9)
  A hydra (D:9)
  4 two-headed ogres
  A cyclops (D:8)
  2 spiny frogs
  A komodo dragon (Lair:1)
  A harpy skeleton (D:9)
  3 hippogriffs
  2 dream sheep (D:9)
  4 redbacks (Lair:2)
  17 yaks
  A hungry ghost (D:9)
  A basilisk (Lair:1)
  A steam dragon (D:8)
  4 water moccasins
  4 ice beasts
  2 porcupines (Lair:1)
  2 black bears
  6 orc warriors
  A necrophage (D:9)
  4 ogres
  4 phantoms
  7 centaurs
  2 crocodiles (Lair:1)
  Blork the orc (D:5)
  5 big kobolds
  9 bullfrogs
  3 scorpions
  4 wights (D:9)
  6 killer bees
  6 howler monkeys
  A crimson imp (D:8)
  A bullfrog zombie (D:7)
  A centaur zombie (D:6)
  5 orc priests
  A centaur skeleton (D:4)
  A jelly (D:7)
  A bullfrog skeleton (D:9)
  4 hounds
  8 orc wizards
  2 iguanas
  4 worker ants
  A howler monkey zombie (D:10)
  4 gnolls
  15 adders
  5 shadow imps
  2 oozes
  An adder zombie (D:5)
  An adder skeleton (D:6)
  4 worms
  2 dart slugs (D:1)
  5 leopard geckos
  31 orcs
  3 bats (D:1)
  6 giant cockroaches
  7 hobgoblins
  9 jackals
  14 kobolds
  5 quokkas
  3 frilled lizards
  4 goblins
  A leopard gecko skeleton (D:5)
  2 quokka skeletons (D:7)
  12 rats
276 creatures vanquished.

Vanquished Creatures (others)
  4 jackals (D:9)
  A fungus (Lair:1)
5 creatures vanquished.

Grand Total: 281 creatures vanquished

Notes
Turn   | Place    | Note
-------+----------+-------------------------------------------
     0 | D:1      | Bronimir the Demonspawn Gladiator began the quest for the
                  | Orb.
     0 | D:1      | Reached XP level 1. HP: 16/16 MP: 1/1
   412 | D:1      | Reached skill level 3 in Polearms
   412 | D:1      | Gained mutation: You are partially covered in sharp spines.
                  | [demonic ancestry]
   412 | D:1      | Reached XP level 2. HP: 22/22 MP: 2/2
   779 | D:1      | Gained mutation: You are partially covered in yellow
                  | scales. (AC +2) [demonic ancestry]
   779 | D:1      | Reached XP level 3. HP: 9/27 MP: 3/3
  1173 | D:2      | Reached skill level 1 in Armour
  1234 | D:2      | Reached XP level 4. HP: 27/34 MP: 4/4
  1300 | D:2      | Reached skill level 4 in Polearms
  1674 | D:2      | You fall into a shaft and drop 1 floor!
  1775 | D:3      | Noticed a moth of wrath
  1813 | D:3      | Gained mutation: You are immune to rotting. [demonic
                  | ancestry]
  1813 | D:3      | Reached XP level 5. HP: 33/39 MP: 5/5
  1886 | D:3      | Found a hazy altar of Hepliaklqana.
  1930 | D:3      | Found a bloodstained altar of Trog.
  2830 | D:4      | Found a basalt altar of Yredelemnul.
  2922 | D:4      | Noticed a phantom
  2951 | D:4      | Killed a phantom
  2951 | D:4      | Gained mutation: You have a pair of small antennae on your
                  | head. [demonic ancestry]
  2951 | D:4      | Reached XP level 6. HP: 29/46 MP: 6/6
  3215 | D:4      | Reached skill level 1 in Evocations
  3391 | D:4      | Found a white marble altar of Elyvilon.
  3556 | D:4      | Reached skill level 5 in Polearms
  3699 | D:4      | Found a shimmering altar of Xom.
  3723 | D:4      | Found a shimmering blue altar of Sif Muna.
  3985 | D:4      | Reached XP level 7. HP: 50/52 MP: 7/7
  4177 | D:5      | Entered Level 5 of the Dungeon
  4227 | D:5      | Learned a level 1 spell: Confusing Touch
  4232 | D:5      | Learned a level 4 spell: Petrify
  4240 | D:5      | Noticed Blork the orc
  4251 | D:5      | Killed Blork the orc
  4388 | D:5      | Learned a level 1 spell: Flame Tongue
  4416 | D:5      | Found a sparkling altar of Nemelex Xobeh.
  4457 | D:5      | Got a smoking halberd
  4458 | D:5      | Identified the cursed +3 halberd of the Wasp {chop, rC-
                  | MP+9 Str+2} (You found it on level 5 of the Dungeon)
  4607 | D:5      | Found a bloodstained altar of Trog.
  5000 | D:5      | Found Ejeov's Weapon Boutique.
  5055 | D:5      | Bought a +0 hand crossbow for 49 gold pieces
  5285 | D:5      | Reached skill level 6 in Polearms
  5633 | D:5      | Reached skill level 1 in Spellcasting
  5633 | D:5      | Reached skill level 1 in Hexes
  5633 | D:5      | Reached XP level 8. HP: 51/60 MP: 9/9
  5692 | D:5      | Found a staircase to the Ecumenical Temple.
  5808 | D:5      | Reached skill level 1 in Fire Magic
  6735 | D:6      | Found a sacrificial altar of Ru.
  6974 | D:7      | Reached skill level 7 in Polearms
  7090 | Temple   | Entered the Ecumenical Temple
  7129 | Temple   | Became a worshipper of Qazlal Stormbringer
  7333 | D:7      | Noticed a two-headed ogre
  7338 | D:7      | Killed a two-headed ogre
  7338 | D:7      | Gained mutation: You may emit foul miasma when damaged in
                  | melee. [demonic ancestry]
  7338 | D:7      | Reached XP level 9. HP: 50/66 MP: 12/12
  7451 | D:7      | Found a burning altar of Makhleb.
  7451 | D:7      | Noticed a green death
  7570 | D:7      | Reached skill level 8 in Polearms
  7742 | D:7      | Found a blossoming altar of Fedhas.
  7742 | D:7      | Found an ornate altar of the Wu Jian Council.
  8071 | D:8      | Reached skill level 5 in Armour
  8077 | D:8      | Reached skill level 5 in Fighting
  8327 | D:8      | Got a shimmering plate armour
  8338 | D:8      | Identified the cursed +1 plate armour "Coem" {MR+ Regen+
                  | SInv} (You found it on level 8 of the Dungeon)
  8478 | D:8      | Noticed a cyclops
  8491 | D:8      | Killed a cyclops
  8491 | D:8      | Reached skill level 1 in Invocations
  8491 | D:8      | Reached XP level 10. HP: 44/74 MP: 14/14
  8494 | D:8      | Reached * piety under Qazlal
  8682 | D:8      | Noticed a two-headed ogre
  8682 | D:8      | Noticed a two-headed ogre
  8720 | D:8      | Killed a two-headed ogre
  8720 | D:8      | Reached skill level 9 in Polearms
  8727 | D:8      | Killed a two-headed ogre
  9092 | D:8      | Found a staircase to the Lair.
  9182 | D:8      | Noticed a two-headed ogre
  9185 | D:8      | Killed a two-headed ogre
  9336 | D:9      | Noticed Erica
  9340 | D:9      | Killed Erica
  9340 | D:9      | Reached skill level 10 in Polearms
  9366 | D:9      | Reached ** piety under Qazlal
  9376 | D:9      | Reached XP level 11. HP: 41/81 MP: 17/17
  9596 | D:9      | Found a staircase to the Orcish Mines.
  9834 | D:9      | Learned a level 3 spell: Mephitic Cloud
  9839 | D:9      | Learned a level 4 spell: Cause Fear
  9843 | D:9      | Learned a level 3 spell: Conjure Flame
  9882 | D:9      | Reached skill level 1 in Conjurations
  9961 | D:9      | Noticed a three-headed hydra
 10256 | D:9      | Found a radiant altar of Vehumet.
 10325 | D:9      | Noticed a two-headed ogre
 10326 | D:9      | Noticed Bronimir's ghost (journeyman TeFE)
 10327 | D:9      | Noticed a two-headed ogre
 10330 | D:9      | Found a bloodstained altar of Trog.
 10346 | D:9      | Found a transporter.
 10349 | D:9      | Found an iron altar of Okawaru.
 10403 | D:9      | Found a transporter.
 10414 | D:9      | Identified the +10 giant spiked club of Jittang {holy,
                  | rElec MR+}
 10414 | D:9      | Noticed a two-headed ogre
 10556 | D:9      | Killed a one-headed hydra
 10561 | D:9      | Reached *** piety under Qazlal
 10654 | D:10     | Entered Level 10 of the Dungeon
 10936 | Lair:1   | Entered Level 1 of the Lair of Beasts
 10965 | Lair:1   | Reached skill level 11 in Polearms
 10980 | D:8      | HP: 1/83 [poisoned by a spiny frog]
 10991 | D:8      | HP: 1/83 [spiny frog (12)]
 12139 | Lair:1   | Got warped gold dragon scales
 12150 | Lair:1   | Identified the cursed +1 gold dragon scales of the Flute
                  | {rPois rF+ rC+ SInv} (You found it on level 1 of the Lair
                  | of Beasts)
 12571 | Lair:2   | Reached skill level 1 in Shields
 12913 | Lair:2   | Found a hole to the Spider Nest.
 12966 | Lair:2   | Reached skill level 5 in Invocations
 12966 | Lair:2   | Reached skill level 5 in Evocations
 12975 | Lair:2   | Reached skill level 1 in Axes
 12978 | Lair:2   | Gained mutation: You are mostly covered in sharp spines.
                  | [demonic ancestry]
 12978 | Lair:2   | Reached XP level 12. HP: 79/91 MP: 19/19
 13086 | Lair:2   | Noticed a five-headed hydra
 13087 | Lair:2   | Noticed Sonja
 13107 | Lair:2   | Slain by Sonja

Levels and vault maps discovered:
D:1:      dpeg_arrival_simpleton_a, layout_basic
D:2:      layout_basic, overflow_temple_1_default
D:3:      layout_loops_corners, old_standard_altar, tgw_trog
D:4:      layout_loops_corners, kennysheep_mini_moat, overflow_temple_1_default,
          lemuel_coloured_pillars_altar, lemuel_round_altar
D:5:      layout_gridville, nemelex_xobeh_ov_fountains_minmay, temple_hall,
          first_ration, serial_shops, nicolae_shop_waterfront,
          trog_butcher_becter, uniq_blork_the_orc
D:6:      layout_loops_corners, basic_altar
D:7:      layout_gridville, makhleb_altar_promises_db,
          nicolae_overflow_hidden_temple, gammafunk_temple_overflow_wave
D:8:      minmay_the_grid_octo_tiled_squarecenter
          [minmay_the_grid_octo_fan_narrow, minmay_the_grid_octo_toaster,
          minmay_the_grid_octo_fat_diamond, minmay_the_grid_octo_concentric,
          minmay_the_grid_square_5x5_megaprize_hollow,
          minmay_the_grid_square_5x5_hollow_slash,
          minmay_the_grid_square_5x5_inner_i,
          minmay_the_grid_square_5x5_three_small,
          minmay_the_grid_square_5x5_trominoes], layout_basic, lair_entry_dummy
D:9:      layout_loops_ring, okawaru_metal_pillars_1_2, fiery_altar_vehumet,
          erik_orc_4, gammafunk_ghost_wrathful_warriors, hangedman_ranch
          [blue_anna_fruit_fields], uniq_erica
D:10:     layout_long_grid, lightli_orcish_oven
Temple:   corrupted_temple
Lair:1:   layout_roguey
Lair:2:   layout_roguey, spider_nest_entry_webs, serial_bayou,
          serial_bayou_pond_c, serial_bayou_crossing, infiniplex_staircase_pool,
          uniq_sonja

Skill      XL: |  1  2  3  4  5  6  7  8  9 10 11 |
---------------+----------------------------------+-----
Polearms       | 3 4 5 6 7 8 10 11 | 11.2
Dodging        | 3 4 |  4.8
Armour         | 1 2 3 4 5 7 |  7.3
Fighting       | 3 4 5 6 7 |  7.1
Evocations     | 1 2 3 4 5 |  5.0
Throwing       | 2 |  2.2
Spellcasting   | 1 2 3 4 |  4.7
Hexes          | 1 2 |  2.9
Fire Magic     | 2 3 |  3.3
Invocations    | 1 3 5 |  5.0
Conjurations   | 2 |  2.4
Shields        | 1 |  1.3
Axes           | 1 |  1.6
Long Blades    | |  0.2
Crossbows      | |  0.3
Transmutations | |  0.1

Action                   |  1- 3 |  4- 6 |  7- 9 | 10-12 || total
-------------------------+-------+-------+-------+-------++-------
Melee: Trident           |    82 |   162 |    22 |       ||   266
       Halberd           |       |       |   205 |   260 ||   465
       Hand axe          |       |       |       |    67 ||    67
       Scimitar          |       |       |       |     6 ||     6
 Fire: Hand crossbow     |       |       |    13 |       ||    13
Throw: Throwing net      |     3 |     1 |       |       ||     4
 Cast: Confusing Touch   |       |       |       |     1 ||     1
Invok: Upheaval          |       |       |       |     2 ||     2
       Elemental Force   |       |       |       |     1 ||     1
 Abil: Evoke Berserk Rag |       |     1 |       |       ||     1
Evoke: Wand              |       |       |       |     1 ||     1
  Use: Potion            |       |     2 |       |     5 ||     7
       Scroll            |       |     2 |    11 |    13 ||    26
 Stab: Sleeping          |     1 |       |       |       ||     1
       Held in net/web   |       |     1 |       |       ||     1
  Eat: Chunk             |       |     6 |    12 |    13 ||    31
       Ration            |       |     1 |     1 |     1 ||     3
Armor: Leather armour    |     9 |       |       |       ||     9
       Ring mail         |     9 |    24 |       |    28 ||    61
       Scale mail        |       |     8 |    61 |       ||    69
       Plate armour      |       |       |    15 |   108 ||   123
       Gold dragon scale |       |       |       |     6 ||     6
Dodge: Dodged            |    40 |    58 |   125 |   152 ||   375
Block: Other             |       |       |       |    25 ||    25
       Shield            |       |       |       |    34 ||    34
